General information
- name: BNet
- type: Ladder team game (AT/RT)
- host: Battle.net
- saver: Abaddon
map: TwilightRuins
- players: 8
- length: 46:44
- speed: Fast
- version: 1.26 W3XP
- replay type: Public
» download(310 KB)
Players
team 1 (loser)
N5666 (
green | 141 APM | 5488 actions | 39:02)
6 Blademaster
3 Critical Strike
2 Wind Walk
1 Bladestorm
6 Shadow Hunter
3 Healing Wave
2 Hex
1 Big Bad Voodoo
6 Tauren Chieftain
3 Endurance Aura
2 War Stomp
1 Reincarnation
» actions
| Assign group hotkey | 35 | |
| Basic commands | 258 | |
| Build / train | 151 | |
| ESC pressed | 7 | |
| Enter build submenu | 22 | |
| Enter hero's abilities submenu | 18 | |
| Give item / drop item | 7 | |
| Right click | 1318 | |
| Select / deselect | 456 | |
| Select group hotkey | 2955 | |
| Use ability | 261 | |
5488 total
» units
| Peon | 35 | |
| Grunt | 4 | |
| Goblin Shredder | 1 | |
| Wind Rider | 5 | |
| Kodo Beast | 1 | |
| Troll Batrider | 17 | |
| Shaman | 2 | |
| Troll Witch Doctor | 1 | |
66 total
» upgrades
| Berserker Strength | 1 | |
| Armor | 3 | |
| Ranged Weapons | 3 | |
| Reinforced Defenses | 1 | |
| Envenomed Spears | 1 | |
| War Drums Damage Increase | 1 | |
| Shaman Training | 2 | |
| Pillage | 1 | |
13 total
» buildings
| Altar of Storms | 1 | |
| Orc Burrow | 7 | |
| Barracks | 1 | |
| Voodoo Lounge | 1 | |
| Great Hall | 1 | |
| Stronghold | 2 | |
| War Mill | 1 | |
| Watch Tower | 5 | |
| Beastiary | 2 | |
| Fortress | 2 | |
| Spirit Lodge | 1 | |
24 total
» build order
00:06 Altar of Storms
00:11 Orc Burrow
00:28 Barracks
01:27 Orc Burrow
01:45 Voodoo Lounge
03:26 Great Hall
04:18 Stronghold
04:31 War Mill
04:46 Orc Burrow
05:45 Watch Tower
06:18 Watch Tower
06:42 Beastiary
06:45 Beastiary
06:57 Watch Tower
07:25 Fortress
07:25 Fortress
08:23 Orc Burrow
08:28 Spirit Lodge
09:09 Orc Burrow
12:55 Orc Burrow
16:44 Orc Burrow
20:14 Watch Tower
29:13 Watch Tower
» items
| Healing Salve | 3 | |
| Periapt of Vitality | 4 | |
| Lesser Clarity Potion | 5 | |
| Scroll of Speed | 2 | |
| Potion of Healing | 2 | |
| Scroll of Town Portal | 9 | |
| Orb of Lightning | 1 | |
| Scroll of Healing | 1 | |
| Tiny Great Hall | 4 | |
31 total
Abaddon (
pink | 45 APM | 2092 actions | 46:44)
7 Archmage
3 Summon Water Elemental
3 Brilliance Aura
1 Mass Teleport
» actions
| Assign group hotkey | 115 | |
| Basic commands | 231 | |
| Build / train | 109 | |
| Enter build submenu | 63 | |
| Enter hero's abilities submenu | 7 | |
| Give item / drop item | 13 | |
| Right click | 565 | |
| Select / deselect | 483 | |
| Select group hotkey | 318 | |
| Use ability | 188 | |
2092 total
» units
| Peasant | 12 | |
| Footman | 5 | |
| Goblin Shredder | 1 | |
| Gryphon Rider | 12 | |
| Dragonhawk Rider | 3 | |
| Goblin Sapper | 17 | |
50 total
» upgrades
| Masonry | 3 | |
| Swords | 3 | |
| Armor | 3 | |
| Storm Hammers | 1 | |
| Animal War Training | 1 | |
| Cloud | 1 | |
| Gunpowder | 3 | |
| Plating | 3 | |
18 total
» buildings
| Altar of Kings | 1 | |
| Barracks | 1 | |
| Farm | 11 | |
| Keep | 1 | |
| Arcane Vault | 3 | |
| Lumber Mill | 2 | |
| Town Hall | 4 | |
| Scout Tower | 59 | |
| Castle | 1 | |
| Guard Tower | 14 | |
| Gryphon Aviary | 4 | |
| Blacksmith | 2 | |
103 total
» build order
00:37 Altar of Kings
00:38 Barracks
00:49 Farm
00:50 Farm
01:05 Farm
01:34 Farm
03:26 Keep
03:38 Arcane Vault
03:57 Lumber Mill
04:42 Town Hall
05:40 Scout Tower
05:40 Scout Tower
05:40 Scout Tower
05:41 Scout Tower
05:59 Castle
06:39 Guard Tower
07:35 Gryphon Aviary
07:35 Gryphon Aviary
07:36 Gryphon Aviary
07:36 Gryphon Aviary
07:41 Blacksmith
07:42 Blacksmith
07:46 Farm
07:47 Farm
11:47 Scout Tower
11:48 Scout Tower
11:49 Scout Tower
11:50 Scout Tower
11:50 Scout Tower
11:53 Scout Tower
11:54 Scout Tower
11:54 Scout Tower
11:56 Scout Tower
11:58 Scout Tower
11:58 Scout Tower
12:00 Scout Tower
12:03 Scout Tower
12:03 Scout Tower
12:05 Scout Tower
12:05 Scout Tower
12:06 Scout Tower
12:07 Scout Tower
12:08 Scout Tower
12:09 Scout Tower
12:10 Scout Tower
12:13 Scout Tower
12:16 Scout Tower
12:16 Scout Tower
13:23 Guard Tower
13:33 Guard Tower
14:21 Arcane Vault
14:57 Guard Tower
14:58 Guard Tower
15:05 Lumber Mill
16:51 Scout Tower
16:51 Scout Tower
16:52 Scout Tower
16:52 Scout Tower
16:53 Scout Tower
16:53 Scout Tower
16:56 Scout Tower
17:01 Scout Tower
17:02 Scout Tower
17:03 Scout Tower
17:05 Scout Tower
17:06 Scout Tower
18:25 Guard Tower
19:31 Town Hall
19:40 Scout Tower
19:40 Scout Tower
19:41 Scout Tower
19:41 Scout Tower
19:46 Scout Tower
19:46 Scout Tower
19:46 Scout Tower
19:47 Scout Tower
19:49 Scout Tower
19:50 Scout Tower
19:51 Scout Tower
19:51 Scout Tower
19:55 Arcane Vault
20:11 Guard Tower
20:35 Guard Tower
20:37 Guard Tower
21:04 Guard Tower
21:06 Guard Tower
21:53 Scout Tower
21:55 Scout Tower
21:57 Scout Tower
21:58 Scout Tower
22:01 Scout Tower
22:02 Scout Tower
22:03 Scout Tower
23:17 Guard Tower
24:28 Guard Tower
25:04 Farm
25:07 Farm
25:09 Farm
25:11 Farm
25:13 Farm
40:26 Town Hall
40:52 Town Hall
» items
| Scroll of Regeneration | 3 | |
| Mechanical Critter | 6 | |
| Sentry Wards | 1 | |
| Scroll of Town Portal | 3 | |
| Staff of Teleportation | 1 | |
| Potion of Healing | 1 | |
| Periapt of Vitality | 2 | |
17 total
Brabo (
yellow | 66 APM | 2859 actions | 43:00)
6 Paladin
1 Holy Light
3 Devotion Aura
1 Divine Shield
1 Resurrection
» actions
| Assign group hotkey | 18 | |
| Basic commands | 50 | |
| Build / train | 174 | |
| Enter build submenu | 28 | |
| Enter hero's abilities submenu | 6 | |
| Give item / drop item | 2 | |
| Remove unit from queue | 2 | |
| Right click | 1246 | |
| Select / deselect | 283 | |
| Select group hotkey | 976 | |
| Use ability | 74 | |
2859 total
» units
| Peasant | 34 | |
| Footman | 21 | |
| Siege Engine | 37 | |
| Knight | 8 | |
100 total
» upgrades
| Lumber Harvesting | 2 | |
| Masonry | 2 | |
| Barrage | 1 | |
| Animal War Training | 1 | |
| Gunpowder | 2 | |
| Plating | 3 | |
11 total
» buildings
| Farm | 16 | |
| Altar of Kings | 1 | |
| Barracks | 1 | |
| Lumber Mill | 2 | |
| Scout Tower | 16 | |
| Guard Tower | 12 | |
| Keep | 1 | |
| Arcane Tower | 6 | |
| Town Hall | 3 | |
| Arcane Vault | 4 | |
| Castle | 5 | |
| Blacksmith | 1 | |
| Workshop | 4 | |
72 total
» build order
00:20 Farm
00:21 Farm
00:26 Altar of Kings
00:41 Barracks
01:35 Lumber Mill
01:55 Farm
02:48 Farm
03:04 Scout Tower
03:05 Scout Tower
03:25 Farm
03:25 Farm
03:39 Guard Tower
04:09 Scout Tower
04:10 Scout Tower
04:12 Keep
04:49 Arcane Tower
04:51 Guard Tower
06:21 Town Hall
06:30 Guard Tower
06:30 Guard Tower
06:31 Guard Tower
06:31 Guard Tower
06:36 Scout Tower
07:11 Arcane Tower
07:13 Arcane Tower
07:13 Arcane Tower
07:52 Arcane Vault
07:53 Arcane Vault
08:54 Castle
08:54 Castle
08:54 Castle
09:17 Scout Tower
09:17 Scout Tower
09:18 Scout Tower
09:19 Scout Tower
10:38 Blacksmith
11:14 Guard Tower
11:24 Farm
11:31 Arcane Vault
11:33 Arcane Vault
11:44 Workshop
11:45 Workshop
11:46 Workshop
12:45 Town Hall
13:45 Lumber Mill
14:57 Farm
14:57 Farm
14:58 Farm
15:11 Scout Tower
15:11 Scout Tower
15:12 Scout Tower
15:12 Scout Tower
15:13 Scout Tower
15:15 Scout Tower
15:16 Scout Tower
16:16 Workshop
18:43 Guard Tower
20:26 Guard Tower
20:33 Farm
20:33 Farm
20:34 Farm
23:49 Guard Tower
33:35 Farm
33:36 Farm
33:36 Farm
33:46 Town Hall
» items
| Periapt of Vitality | 2 | |
| Circlet of Nobility | 1 | |
| Scroll of Town Portal | 16 | |
| Orb of Lightning | 1 | |
20 total
JackSkellington (
orange | 38 APM | 1758 actions | 46:32)
6 Priestess of the Moon
3 Trueshot Aura
2 Searing Arrows
1 Starfall
4 Dark Ranger
2 Black Arrow
2 Life Drain
» actions
| Basic commands | 44 | |
| Build / train | 87 | |
| Enter build submenu | 24 | |
| Enter hero's abilities submenu | 10 | |
| Give item / drop item | 1 | |
| Right click | 1052 | |
| Select / deselect | 490 | |
| Use ability | 50 | |
1758 total
» units
| Wisp | 22 | |
| Archer | 12 | |
| Huntress | 5 | |
| Hippogryph | 17 | |
56 total
» upgrades
| Strength of the Moon | 3 | |
| Moon Armor | 4 | |
| Hippogryph Taming | 1 | |
| Improved Bows | 1 | |
| Marksmanship | 1 | |
10 total
» buildings
| Altar of Elders | 1 | |
| Moon Well | 8 | |
| Ancient of War | 2 | |
| Hunter's Hall | 1 | |
| Ancient of Wonders | 2 | |
| Ancient Protector | 6 | |
| Tree of Life | 5 | |
| Tree of Ages | 1 | |
| Tree of Eternity | 1 | |
| Ancient of Wind | 2 | |
29 total
» build order
00:22 Altar of Elders
00:38 Moon Well
01:09 Ancient of War
01:36 Moon Well
02:16 Hunter's Hall
02:42 Ancient of Wonders
02:59 Moon Well
03:01 Moon Well
05:13 Ancient Protector
06:39 Tree of Life
06:45 Ancient Protector
06:47 Ancient Protector
06:50 Tree of Life
06:54 Ancient Protector
07:08 Tree of Ages
07:30 Ancient of War
08:21 Moon Well
08:24 Moon Well
08:25 Moon Well
08:26 Moon Well
09:38 Tree of Eternity
09:44 Ancient of Wind
10:42 Ancient of Wind
25:10 Tree of Life
28:12 Tree of Life
31:03 Ancient of Wonders
34:46 Tree of Life
34:48 Ancient Protector
34:51 Ancient Protector
» items
| Scroll of Town Portal | 2 | |
| Potion of Lesser Invulnerability | 1 | |
| Scroll of Healing | 1 | |
4 total
team 2 (winner)

»
runefang24 (
blue | 29 APM | 890 actions | 30:17)
7 Death Knight
3 Death Coil
3 Unholy Aura
1 Animate Dead
» actions
| Assign group hotkey | 17 | |
| Basic commands | 1 | |
| Build / train | 78 | |
| Enter build submenu | 22 | |
| Enter hero's abilities submenu | 7 | |
| Remove unit from queue | 3 | |
| Right click | 315 | |
| Select / deselect | 327 | |
| Select group hotkey | 28 | |
| Use ability | 92 | |
890 total
» units
| Acolyte | 13 | |
| Ghoul | 4 | |
| Gargoyle | 12 | |
| Frost Wyrm | 14 | |
| Goblin Shredder | 1 | |
44 total
» upgrades
| Creature Attack | 3 | |
| Creature Carapace | 3 | |
| Freezing Breath | 1 | |
7 total
» buildings
| Ziggurat | 10 | |
| Altar of Darkness | 2 | |
| Crypt | 1 | |
| Graveyard | 1 | |
| Nerubian Tower | 1 | |
| Halls of the Dead | 1 | |
| Tomb of Relics | 1 | |
| Spirit Tower | 6 | |
| Black Citadel | 1 | |
| Sacrificial Pit | 1 | |
| Boneyard | 3 | |
28 total
» build order
00:55 Ziggurat
00:56 Altar of Darkness
01:24 Altar of Darkness
01:49 Crypt
02:06 Graveyard
02:08 Nerubian Tower
02:23 Ziggurat
04:44 Halls of the Dead
04:51 Tomb of Relics
05:02 Ziggurat
05:18 Spirit Tower
06:28 Spirit Tower
07:35 Black Citadel
07:39 Sacrificial Pit
10:00 Boneyard
10:03 Boneyard
10:11 Boneyard
10:51 Ziggurat
11:00 Ziggurat
12:20 Ziggurat
16:37 Ziggurat
16:39 Ziggurat
16:41 Ziggurat
16:45 Ziggurat
17:36 Spirit Tower
17:41 Spirit Tower
18:25 Spirit Tower
18:33 Spirit Tower
» items
| Dust of Appearance | 1 | |
| Rod of Necromancy | 1 | |
| Scroll of Regeneration | 1 | |
| Scroll of Healing | 1 | |
| Scroll of Town Portal | 2 | |
| Potion of Healing | 1 | |
7 total
NOMORESPOILERS. (
teal | 64 APM | 2998 actions | 46:44)
7 Mountain King
3 Storm Bolt
3 Bash
1 Avatar
1 Death Knight
1 Death Pact
» actions
| Assign group hotkey | 92 | |
| Basic commands | 3 | |
| Build / train | 81 | |
| Enter build submenu | 25 | |
| Enter hero's abilities submenu | 9 | |
| Give item / drop item | 1 | |
| Right click | 1465 | |
| Select / deselect | 345 | |
| Select group hotkey | 857 | |
| Use ability | 120 | |
2998 total
» units
| Peasant | 12 | |
| Gryphon Rider | 5 | |
| Goblin Sapper | 6 | |
| Dragonhawk Rider | 7 | |
| Siege Engine | 2 | |
32 total
» upgrades
| Masonry | 3 | |
| Lumber Harvesting | 1 | |
| Swords | 2 | |
| Armor | 2 | |
| Storm Hammers | 1 | |
| Cloud | 1 | |
| Animal War Training | 1 | |
| Gunpowder | 1 | |
| Barrage | 1 | |
13 total
» buildings
| Altar of Kings | 1 | |
| Farm | 12 | |
| Lumber Mill | 1 | |
| Scout Tower | 14 | |
| Arcane Tower | 1 | |
| Guard Tower | 10 | |
| Keep | 1 | |
| Blacksmith | 1 | |
| Arcane Vault | 1 | |
| Castle | 1 | |
| Gryphon Aviary | 3 | |
| Barracks | 1 | |
| Workshop | 2 | |
49 total
» build order
00:08 Altar of Kings
00:21 Farm
00:37 Lumber Mill
00:54 Scout Tower
01:18 Farm
01:28 Arcane Tower
01:49 Scout Tower
01:56 Farm
02:13 Scout Tower
02:18 Scout Tower
02:28 Guard Tower
02:53 Guard Tower
03:35 Keep
03:45 Scout Tower
03:46 Scout Tower
03:47 Scout Tower
03:49 Scout Tower
04:09 Scout Tower
04:22 Guard Tower
04:22 Guard Tower
04:28 Guard Tower
04:45 Guard Tower
04:45 Guard Tower
04:53 Blacksmith
04:59 Arcane Vault
05:06 Farm
05:08 Farm
05:09 Farm
05:09 Farm
05:11 Farm
06:01 Castle
06:46 Gryphon Aviary
06:50 Gryphon Aviary
09:26 Barracks
14:51 Gryphon Aviary
14:55 Scout Tower
14:56 Scout Tower
14:56 Scout Tower
14:56 Scout Tower
14:57 Scout Tower
15:57 Guard Tower
18:04 Farm
18:04 Farm
18:04 Farm
18:05 Farm
22:21 Workshop
22:53 Workshop
» items
| Mechanical Critter | 2 | |
| Scroll of Town Portal | 4 | |
| Scroll of Regeneration | 1 | |
7 total
OMWOMWOMWOMW (
red | 78 APM | 3651 actions | 46:44)
9 Archmage
3 Summon Water Elemental
3 Brilliance Aura
2 Blizzard
1 Mass Teleport
» actions
| Assign group hotkey | 129 | |
| Basic commands | 91 | |
| Build / train | 223 | |
| ESC pressed | 13 | |
| Enter build submenu | 76 | |
| Enter hero's abilities submenu | 10 | |
| Give item / drop item | 5 | |
| Right click | 1254 | |
| Select / deselect | 419 | |
| Select group hotkey | 1095 | |
| Use ability | 336 | |
3651 total
» units
| Peasant | 16 | |
| Footman | 5 | |
| Sorceress | 1 | |
| Goblin Shredder | 3 | |
| Gryphon Rider | 7 | |
| Dragonhawk Rider | 5 | |
37 total
» upgrades
| Masonry | 3 | |
| Sorceress Training | 1 | |
| Swords | 3 | |
| Armor | 3 | |
| Animal War Training | 1 | |
| Storm Hammers | 1 | |
| Cloud | 1 | |
| Magic Sentry | 1 | |
14 total
» buildings
| Altar of Kings | 1 | |
| Barracks | 1 | |
| Farm | 14 | |
| Lumber Mill | 1 | |
| Arcane Vault | 1 | |
| Town Hall | 4 | |
| Scout Tower | 52 | |
| Guard Tower | 99 | |
| Arcane Tower | 5 | |
| Keep | 3 | |
| Castle | 3 | |
| Arcane Sanctum | 1 | |
| Blacksmith | 2 | |
| Gryphon Aviary | 3 | |
190 total
» build order
00:54 Altar of Kings
00:56 Barracks
00:58 Farm
01:07 Farm
01:27 Farm
01:57 Farm
02:09 Lumber Mill
02:22 Farm
03:21 Farm
03:34 Arcane Vault
04:13 Town Hall
04:19 Scout Tower
04:20 Scout Tower
04:23 Scout Tower
04:25 Scout Tower
04:27 Scout Tower
05:46 Guard Tower
05:46 Guard Tower
05:46 Guard Tower
05:47 Guard Tower
05:47 Guard Tower
05:49 Arcane Tower
05:50 Guard Tower
06:05 Keep
06:05 Keep
06:10 Scout Tower
06:13 Scout Tower
06:14 Scout Tower
06:45 Guard Tower
06:46 Guard Tower
06:46 Guard Tower
08:23 Scout Tower
08:26 Scout Tower
08:44 Castle
08:44 Castle
08:54 Arcane Sanctum
08:56 Guard Tower
08:56 Guard Tower
08:59 Guard Tower
08:59 Guard Tower
08:59 Guard Tower
09:20 Blacksmith
09:26 Blacksmith
09:51 Scout Tower
09:55 Scout Tower
10:00 Scout Tower
10:01 Scout Tower
10:45 Guard Tower
10:45 Guard Tower
10:45 Guard Tower
10:49 Guard Tower
10:50 Guard Tower
10:50 Guard Tower
10:51 Arcane Tower
10:51 Arcane Tower
10:51 Arcane Tower
11:20 Gryphon Aviary
11:22 Gryphon Aviary
11:26 Gryphon Aviary
12:16 Guard Tower
12:16 Guard Tower
15:50 Scout Tower
15:52 Scout Tower
15:53 Scout Tower
15:59 Scout Tower
16:01 Scout Tower
16:02 Scout Tower
16:12 Scout Tower
16:21 Scout Tower
16:22 Scout Tower
16:28 Guard Tower
16:28 Guard Tower
16:47 Guard Tower
16:47 Guard Tower
17:01 Guard Tower
17:01 Guard Tower
17:11 Guard Tower
17:11 Guard Tower
17:11 Guard Tower
17:12 Guard Tower
18:28 Guard Tower
18:28 Guard Tower
18:29 Guard Tower
18:33 Guard Tower
18:33 Guard Tower
21:57 Farm
22:01 Farm
22:04 Farm
22:11 Farm
24:49 Farm
24:54 Farm
24:57 Farm
25:01 Scout Tower
25:07 Scout Tower
25:13 Scout Tower
25:14 Scout Tower
25:15 Scout Tower
25:18 Scout Tower
25:20 Scout Tower
25:32 Scout Tower
25:35 Scout Tower
25:37 Scout Tower
25:41 Guard Tower
25:42 Guard Tower
25:42 Guard Tower
25:44 Guard Tower
25:44 Guard Tower
25:44 Guard Tower
25:48 Scout Tower
25:49 Scout Tower
25:50 Scout Tower
25:51 Scout Tower
25:52 Scout Tower
25:53 Scout Tower
25:55 Scout Tower
25:57 Scout Tower
25:58 Scout Tower
26:02 Guard Tower
26:38 Guard Tower
26:38 Guard Tower
26:39 Guard Tower
26:54 Guard Tower
26:54 Guard Tower
26:54 Guard Tower
26:54 Guard Tower
26:55 Guard Tower
26:55 Guard Tower
26:59 Guard Tower
26:59 Guard Tower
26:59 Guard Tower
27:01 Guard Tower
27:01 Guard Tower
27:06 Guard Tower
27:07 Guard Tower
27:07 Guard Tower
29:43 Town Hall
32:03 Scout Tower
32:03 Scout Tower
32:04 Scout Tower
32:04 Scout Tower
32:05 Scout Tower
32:06 Scout Tower
32:07 Scout Tower
32:08 Scout Tower
32:10 Scout Tower
32:10 Scout Tower
33:01 Guard Tower
33:02 Guard Tower
33:02 Guard Tower
33:42 Guard Tower
33:43 Guard Tower
33:43 Guard Tower
33:43 Guard Tower
35:12 Town Hall
36:08 Farm
44:59 Town Hall
» items
| Staff of Teleportation | 1 | |
| Scroll of Regeneration | 6 | |
| Pendant of Energy | 1 | |
| Potion of Lesser Invulnerability | 1 | |
| Potion of Mana | 3 | |
| Tome of Retraining | 1 | |
| Potion of Invisibility | 1 | |
| Lesser Clarity Potion | 4 | |
| Scroll of Town Portal | 4 | |
| Potion of Healing | 3 | |
| Ivory Tower | 2 | |
| Mechanical Critter | 2 | |
29 total
mileasian (
purple | 25 APM | 910 actions | 35:43)
3 Mountain King
1 Storm Bolt
1 Thunder Clap
1 Bash
» actions
| Basic commands | 5 | |
| Build / train | 56 | |
| Enter build submenu | 29 | |
| Enter hero's abilities submenu | 3 | |
| Give item / drop item | 2 | |
| Right click | 563 | |
| Select / deselect | 192 | |
| Use ability | 60 | |
910 total
» units
| Footman | 11 | |
| Peasant | 16 | |
| Rifleman | 9 | |
| Flying Machine | 2 | |
38 total
» upgrades
| Swords | 1 | |
| Gunpowder | 1 | |
| Armor | 1 | |
| Plating | 1 | |
4 total
» buildings
| Barracks | 1 | |
| Farm | 12 | |
| Altar of Kings | 1 | |
| Scout Tower | 19 | |
| Arcane Tower | 4 | |
| Arcane Vault | 2 | |
| Blacksmith | 1 | |
| Keep | 1 | |
| Town Hall | 2 | |
| Arcane Sanctum | 1 | |
| Workshop | 1 | |
| Cannon Tower | 1 | |
| Lumber Mill | 1 | |
| Castle | 1 | |
| Guard Tower | 1 | |
| Necropolis | 1 | |
50 total
» build order
00:08 Barracks
00:22 Farm
00:26 Altar of Kings
01:47 Farm
02:22 Farm
03:03 Farm
03:37 Scout Tower
03:41 Scout Tower
03:42 Scout Tower
04:13 Arcane Tower
05:43 Arcane Tower
07:25 Arcane Vault
08:33 Arcane Vault
08:38 Blacksmith
08:42 Keep
09:03 Town Hall
11:14 Town Hall
11:32 Arcane Sanctum
11:41 Workshop
12:58 Scout Tower
12:59 Scout Tower
13:01 Scout Tower
13:02 Scout Tower
13:43 Scout Tower
13:45 Scout Tower
13:52 Scout Tower
13:57 Scout Tower
13:58 Scout Tower
13:59 Scout Tower
14:01 Scout Tower
14:03 Scout Tower
14:05 Scout Tower
14:08 Scout Tower
14:10 Scout Tower
16:52 Cannon Tower
16:55 Arcane Tower
18:02 Arcane Tower
18:05 Lumber Mill
18:12 Scout Tower
20:38 Castle
21:22 Guard Tower
21:29 Farm
21:30 Farm
21:30 Farm
21:31 Farm
21:32 Farm
21:33 Farm
21:34 Farm
21:35 Farm
33:17 Necropolis
» items
| Boots of Speed | 1 | |
| Staff of Teleportation | 1 | |
2 total
Chat log
(00:05 / All) Abaddon: EVERLONG
(00:08 / All) Abaddon: I WAITED HERE FOR YOU
(00:09 / All) OMWOMWOMWOMW: YAY TWILIGHT RUINS
(00:10 / All) OMWOMWOMWOMW: WOOOOOOOOOO
(00:13 / All) OMWOMWOMWOMW: TWILIGHT RUINS!!!!!!
(02:29 / All) Abaddon: Dave Grohl > Kurt cobain
(02:32 / All) Abaddon: a simple statement of fact
(02:36 / All) runefang24: agreed
(03:14 / All) runefang24: Tom Delonge>Dave Grohl
(03:23 / All) Abaddon: King Buzzo > all
(03:33 / All) runefang24: what;s King buzzo?
(03:40 / All) Abaddon: the greatest
(03:57 / All) runefang24: wait
(04:00 / All) runefang24: the Melvins?
(04:03 / All) runefang24: fuck man
(04:04 / All) runefang24: lol
(04:08 / All) Abaddon: very good!
(04:15 / All) runefang24: he's rad
(04:18 / All) Abaddon: yeah
(06:32 / All) Abaddon: this fucking creep just got 3 aoe swipes in a row
(06:57 / All) OMWOMWOMWOMW: those creeps are almost as bs as the kobolds on market square
(07:12 / All) NOMORESPOILERS.: deadlands
(09:11 / Allies) Brabo: foots to tanks
(10:10 / All) NOMORESPOILERS.: brabo hackerrrr
(12:05 / Allies) JackSkellington: fight at base?
(13:48 / Allies) JackSkellington: lets hit
(14:23 / Allies) JackSkellington: ?
(15:03 / Allies) Brabo: hit now
(15:06 / All) OMWOMWOMWOMW: Still probably more worth it than your harass that only could kill one footie
(15:37 / Allies) Brabo: meet?
(16:30 / All) NOMORESPOILERS.: try hard nigger green
(16:41 / Allies) JackSkellington: go@
(16:55 / Allies) JackSkellington: yellow
(18:06 / All) OMWOMWOMWOMW: lol
(19:08 / Allies) Brabo: all tiogether
(19:55 / Allies) Brabo: meet then go
(19:57 / Allies) JackSkellington: we should have won already
(20:00 / Allies) Brabo: please
(20:35 / All) NOMORESPOILERS.: u fuckign hacker
(20:38 / All) OMWOMWOMWOMW: you suck teal
(20:42 / All) OMWOMWOMWOMW: uninstall
(20:48 / All) OMWOMWOMWOMW: I mean
(20:50 / All) OMWOMWOMWOMW: wrong player
(20:51 / All) JackSkellington: ohhh shit
(20:52 / All) OMWOMWOMWOMW: You suck green
(20:54 / All) OMWOMWOMWOMW: uninstall
(20:57 / Allies) Brabo: go
(20:58 / All) OMWOMWOMWOMW: I harass better with an am than you do a bm
(21:01 / All) OMWOMWOMWOMW: that is
(21:02 / All) OMWOMWOMWOMW: fucking pathetic
(21:03 / All) OMWOMWOMWOMW: dude
(21:09 / Allies) JackSkellington: fucking do something
(21:20 / All) OMWOMWOMWOMW: lol
(21:35 / Allies) JackSkellington: fucking hit
(21:40 / Allies) JackSkellington: dont worry about shit
(22:25 / Allies) JackSkellington: ?
(22:30 / Allies) JackSkellington: ok
(22:48 / All) OMWOMWOMWOMW: free bats nice green
(22:50 / All) OMWOMWOMWOMW: thank you man
(23:07 / All) OMWOMWOMWOMW: and some free knights from yellow
(24:13 / All) OMWOMWOMWOMW: that tp was a bad idea lawl
(24:22 / All) OMWOMWOMWOMW: how much do you have to rebuild orange, green, yellow, when you lose stuff
(24:24 / Allies) Abaddon: lumber?
(24:25 / All) OMWOMWOMWOMW: I have 15,000 gold
(24:29 / All) OMWOMWOMWOMW: and 4,000 lumber
(26:37 / Allies) Abaddon: lumber?
(27:20 / All) NOMORESPOILERS.: LOL
(27:52 / All) JackSkellington: didnt want to stay and play?
(27:58 / All) OMWOMWOMWOMW: why would I
(28:08 / All) OMWOMWOMWOMW: I don't need more than 50 food to beat you
(28:12 / All) OMWOMWOMWOMW: I'm just never going to directly engage
(28:44 / Allies) JackSkellington: kill him?
(29:08 / Allies) JackSkellington: lets hit..
(29:20 / Allies) Brabo: im with u green
(29:22 / All) NOMORESPOILERS.: try to hide ur mh a little better green
(29:46 / Allies) JackSkellington: fucking hit
(30:32 / Allies) Brabo: where now?
(31:24 / Allies) Brabo: now?
(33:25 / Allies) Brabo: wait my tanks
(33:58 / Allies) Brabo: noooow
(35:39 / All) JackSkellington: ,,,,,
(36:35 / Allies) Brabo: waht the helllll
(36:40 / Allies) N5666: god
(36:46 / All) OMWOMWOMWOMW: are you all ready to lose?
(37:08 / Allies) JackSkellington: thats all you yellow
(37:09 / Allies) JackSkellington: lol
(37:18 / All) OMWOMWOMWOMW: ARE YOU ALL READY TO LOSE?
(37:20 / All) OMWOMWOMWOMW: BITCHES
(37:21 / All) OMWOMWOMWOMW: ARE YOU ALL
(37:22 / All) OMWOMWOMWOMW: FUCKING"
(37:23 / All) OMWOMWOMWOMW: READY
(37:24 / All) OMWOMWOMWOMW: TO
(37:24 / All) OMWOMWOMWOMW: LOSE
(37:26 / All) OMWOMWOMWOMW: AND GET
(37:27 / All) OMWOMWOMWOMW: FUCKING
(37:28 / All) OMWOMWOMWOMW: ROCKED?
(38:18 / Allies) JackSkellington: stop@@@@
(38:24 / All) OMWOMWOMWOMW: GET
(38:24 / All) OMWOMWOMWOMW: RAPED
(38:33 / All) OMWOMWOMWOMW: Leave and uninstall
(38:46 / All) JackSkellington: they are tking
(38:49 / All) JackSkellington: u suck
(38:50 / All) OMWOMWOMWOMW: kill yourself
(38:53 / All) OMWOMWOMWOMW: you lose buddy not me
(38:54 / All) JackSkellington: uninstall
(38:56 / All) NOMORESPOILERS.: leaver hacker green
(38:57 / All) OMWOMWOMWOMW: I'm a winner what are you?
(39:00 / All) OMWOMWOMWOMW: you're a loser orange hahahaha
(39:02 / All) JackSkellington: your a fagget
(39:08 / All) OMWOMWOMWOMW: ORANGE IS A LOSER LOL!!!
(39:09 / All) JackSkellington: im gonna stay just to piss you off
(39:16 / All) OMWOMWOMWOMW: That doesn't piss me off hahahahaha
(39:21 / All) OMWOMWOMWOMW: it gives me more time to enjoy packing your shit in
(39:49 / All) Brabo: u wold never win without pink chang side
(39:58 / All) Brabo: u are a looser in your life
(40:04 / All) OMWOMWOMWOMW: I'm a WINNER!
(40:08 / All) OMWOMWOMWOMW: You're a LOSER!
(40:10 / All) OMWOMWOMWOMW: LOSER LOL!!!!
(40:11 / All) NOMORESPOILERS.: hacker down
(40:12 / All) Brabo: u idiot fat fapper
(40:18 / All) NOMORESPOILERS.: oh stfu yellow u nigger green was hacking
(40:19 / All) NOMORESPOILERS.: enire game
(40:21 / All) NOMORESPOILERS.: u should have tked
(40:25 / All) OMWOMWOMWOMW: hahahaha are you mad yellow?
(40:29 / All) NOMORESPOILERS.: u didnt tk ur hacker ally so u gotta lose
(40:36 / All) OMWOMWOMWOMW: I'm a WINNER! You're a LOSER!
(40:50 / All) JackSkellington: you can try to win
(40:51 / All) OMWOMWOMWOMW: I win at everything, I win at life and WC3. However........ YOU LOSE AT EVERYTHING, CUZ YOU ARE A LOSER!!!
(40:57 / All) Brabo: u know u are a looser in your life
(41:04 / All) Brabo: wheres yopur girl?
(41:07 / All) JackSkellington: i still dont see a win yet?
(41:08 / All) OMWOMWOMWOMW: I won when it began you little bitch
(41:16 / All) Brabo: u are playng here and shes fucking
(41:18 / All) OMWOMWOMWOMW: From where you're kneeling it must look like an 18-karat run of bad luck
(41:21 / All) Abaddon: Are you fat shming yellow?
(41:23 / All) OMWOMWOMWOMW: But the truth is, the game was rigged from the start
(41:24 / All) Abaddon: you're sucha shitlord
(41:25 / All) JackSkellington: you won a fat cock in your mouth
(41:32 / All) Abaddon: My girlfriend is stuck in her house thank you very much
(41:33 / All) NOMORESPOILERS.: RAPEDDDDDDDDDDDD
(41:40 / All) Brabo: tell me face to face
(41:41 / All) Abaddon: but she is beautiful and healthy, yes helathy at every size!
(41:43 / All) Abaddon: beach ready!
(41:45 / All) Brabo: south dakota
(41:52 / All) NOMORESPOILERS.: LOL
(41:53 / All) OMWOMWOMWOMW: Address?
(41:56 / All) Abaddon: every body is beach ready!
(41:56 / All) Brabo: come here and say it to me coward
(41:58 / All) OMWOMWOMWOMW: I'm on my way bro
(42:01 / All) OMWOMWOMWOMW: Okay
(42:03 / All) NOMORESPOILERS.: no one gives a shit about that indian resort shithole of a state
(42:04 / All) OMWOMWOMWOMW: What's your location?
(42:13 / All) OMWOMWOMWOMW: I'll get a plane ticket next weekend
(42:19 / All) Brabo: auhhauhauhauh
(42:21 / All) OMWOMWOMWOMW: where do you live? I'll come and pack your shit in real life too
(42:23 / All) Brabo: idiot
(42:27 / All) OMWOMWOMWOMW: address yellow?
(42:31 / All) Brabo: come here
(42:34 / All) OMWOMWOMWOMW: you're backpedalling as soon as stuff gets real
(42:45 / All) Brabo: well stuff u of shots
(42:46 / All) OMWOMWOMWOMW: little cuntboy
(42:47 / All) Brabo: idiot
(42:54 / All) NOMORESPOILERS.: whats a shot
(42:58 / All) OMWOMWOMWOMW: "well stuff u of shots" how about you speak english little pussyboy?
(43:05 / All) OMWOMWOMWOMW: lol
(43:15 / All) OMWOMWOMWOMW: Orange anything to say for yourself?
(43:17 / All) NOMORESPOILERS.: did green say anything he was so hacking
(43:23 / All) JackSkellington: your moms nice?
(43:32 / All) JackSkellington: in bed?
(43:34 / All) OMWOMWOMWOMW: What's this about her nice?
(43:47 / All) OMWOMWOMWOMW: My mum has a nice in bed, I don't think so
(43:59 / All) JackSkellington: i know she does
(44:22 / All) OMWOMWOMWOMW: I don't think any woman in her right mind would sleep with someone who didn't know the dif between you're and your
(44:23 / All) NOMORESPOILERS.: i was out of gold
(44:39 / All) OMWOMWOMWOMW: Orange you are 333-353 now
(44:44 / All) OMWOMWOMWOMW: how's it feel buddy?
(44:49 / All) NOMORESPOILERS.: it was pointless tryign to expo this game blue and purple were retards and were uncooperative
(45:03 / All) JackSkellington: i skull fucked your mom mindless
(45:10 / All) JackSkellington: red another loss
(45:15 / All) JackSkellington: how does it feel?
(45:21 / All) OMWOMWOMWOMW: You might've done that in your dreams where you do all your sex
(45:35 / All) OMWOMWOMWOMW: but you've never stuck your little 3 incher in a vagina before
(45:40 / All) JackSkellington: you take out that grunt
(45:43 / All) OMWOMWOMWOMW: I won buddy
(45:46 / All) JackSkellington: you fuckin pussy
(45:55 / All) JackSkellington: wheres the win homie?
(45:59 / All) OMWOMWOMWOMW: Pink is on my side if you weren't so mad that you can't read chat
(46:13 / All) OMWOMWOMWOMW: He's going to kill all his stuff and give me a win, I'm going to be 1-0, I will have a 100% win rate
(46:17 / All) JackSkellington: your a fagget
(46:17 / All) NOMORESPOILERS.: who is jack skellington
(46:18 / All) OMWOMWOMWOMW: Which is like 60% higher win rate than you have
(46:20 / All) JackSkellington: get a life
(46:25 / All) JackSkellington: kill yourself
(46:26 / All) NOMORESPOILERS.: who is jack skellington
(46:29 / All) JackSkellington: no joke
(46:32 / All) OMWOMWOMWOMW: I have one this is a relaxing friday night activity
(46:35 / All) OMWOMWOMWOMW: LOL
(46:37 / All) Abaddon: they lose
(46:44 / All) OMWOMWOMWOMW: fun game